 Dungeon Crawl Stone Soup version 0.32-a0-909-gc671339 (webtiles) character file.

Game seed: 12360801656471528882

4592 s1036 the Cleaver (level 10, -5/79 HPs)
             Began as a Gnoll Reaver on Apr 6, 2024.
             Was a Believer of Okawaru.
             Slain by a profane servitor
             ... wielding a +3 whip
              (17 damage)
             ... on level 2 of the Abyss.
             The game lasted 00:18:51 (8442 turns).

s1036 the Cleaver (Gnoll Reaver)                    Turns: 8442, Time: 00:18:52

Health: -5/79      AC: 20    Str: 16    XL:     10   Next: 41%
Magic:  21/21      EV: 13    Int: 13    God:    Okawaru [**....]
Gold:   421        SH:  0    Dex: 10    Spells: 23/24 levels left

rFire   . . .        c - +2 flail (protect)
rCold   + . .        (no shield)
rNeg    . . .        y - +2 ring mail {rC+}
rPois   +            m - +0 helmet
rElec   .            F - +2 cloak
rCorr   .            r - +1 pair of gloves
SInv    +            I - +2 pair of boots
Will    .....        v - amulet of faith
Stlth   ++++         g - ring of see invisible
HPRegen 0.33/turn    G - ring of poison resistance
MPRegen 0.17/turn

%: faith
@: about to teleport, heroic, wreathed by umbra
A: fangs 1, strong nose, distributed training
a: Renounce Religion, Heroism


You were on level 2 of the Abyss.
You worshipped Okawaru.
Okawaru was pleased with you.
You visited 2 branches of the dungeon, and saw 10 of its levels.
You visited the Abyss 1 time.

You collected 553 gold pieces.
You spent 132 gold pieces at shops.

Inventory:

Hand Weapons
 a - a +0 hand axe
 c - a +2 flail of protection (weapon)
 e - a +2 short sword of venom
 n - a +2 war axe of flaming
Missiles
 i - 31 stones
 p - 4 throwing nets
Armour
 m - a +0 helmet (worn)
 o - the +2 robe "Suamp" {rF++ Str+3}
   (You found it on level 3 of the Dungeon)

   Str+3:     It affects your strength (+3).
   rF++:      It greatly protects you from fire.
 r - a +1 pair of gloves (worn)
 y - a +2 ring mail of cold resistance (worn)
 F - a +2 cloak (worn)
 I - a +2 pair of boots (worn)
Jewellery
 g - a ring of see invisible (left hand)
 v - an amulet of faith (around neck)
 E - a ring of magical power
 G - a ring of poison resistance (right hand)
 K - a ring of ice
 N - a +5 ring of evasion
Talismans
 A - a flux talisman
 L - a maw talisman
Wands
 u - a wand of polymorph (2)
Scrolls
 j - 3 scrolls of enchant weapon {unknown}
 k - 2 scrolls of poison {unknown}
 s - 4 scrolls of fog
 t - a scroll of summoning
 x - 3 scrolls of teleportation
 B - a scroll of vulnerability
 J - 2 scrolls of immolation
 P - a scroll of revelation
Potions
 b - 2 potions of degeneration
 f - 4 potions of attraction
 l - a potion of magic
 q - a potion of heal wounds {unknown}
 z - a potion of mutation


   Skills:
 + Level 7.2(12.2) Fighting
 + Level 5.4(10.4) Short Blades
 + Level 5.4(10.4) Long Blades
 + Level 8.6(13.6) Axes
 + Level 5.4(10.4) Maces & Flails
 + Level 5.4(10.4) Polearms
 + Level 5.4(10.4) Staves
 + Level 5.4(10.4) Ranged Weapons
 + Level 5.4(10.4) Throwing
 + Level 5.4(10.4) Armour
 + Level 7.2(12.2) Dodging
 + Level 5.4(10.4) Stealth
 + Level 5.4(10.4) Shields
 + Level 5.4(10.4) Unarmed Combat
 + Level 7.5 Spellcasting
 + Level 7.2 Conjurations
 + Level 4.5 Hexes
 + Level 4.5 Summonings
 + Level 4.5 Necromancy
 + Level 4.5 Translocations
 + Level 4.5 Fire Magic
 + Level 4.5 Ice Magic
 + Level 4.5 Air Magic
 + Level 4.5 Earth Magic
 + Level 4.5 Alchemy
 + Level 6.0 Invocations
 + Level 5.4 Evocations
 + Level 5.0 Shapeshifting


You had 23 spell levels left.
You knew the following spells:

 Your Spells              Type           Power      Damage    Failure   Level
a - Kiss of Death         Conj/Necr      80%        2d11      2%          1

Your spell library contained the following spells:

 Spells                   Type           Power      Damage    Failure   Level
 Momentum Strike          Conj/Tloc      40%        3d9       3%          2
 Ensorcelled Hibernation  Hex/Ice        32%        N/A       6%          2
 Hailstorm                Conj/Ice       20%        3d7       7%          3
 Fugue of the Fallen      Necr           16%        N/A       12%         3
 Maxwell's Portable Pile  Tloc           16%        2d(6-18)  12%         3
 Anguish                  Hex/Necr       8%         N/A       36%         4
 Arcjolt                  Conj/Air       10%        1d20      52%         5
 Maxwell's Capacitive Co  Air            8%         ∞         100%        8


Dungeon Overview and Level Annotations

Branches:
Dungeon (9/15)             Temple (1/1) D:7
   Lair: D:8-11         Orc: D:9-12

Altars:
Ashenzari
Dithmenos
Fedhas
Gozag
Hepliaklqana
Kikubaaqudgha
Makhleb
Nemelex Xobeh
Okawaru
Qazlal
Ru
Sif Muna
Trog
Uskayaw
Vehumet
Wu Jian
Xom
Zin
The Shining One

Shops:
D:6 ?   D:7 =

Annotations:
D:9 Erolcha


Innate Abilities, Weirdness & Mutations

You have very sharp teeth.
Your uncanny sense of smell can sniff out nearby items.
Your experience applies equally to all skills.


Message History

The thrashing horror barely misses you. x2; The thrashing horror misses you.
The thrashing horror closely misses you. 4의 피해를 받았습니다. 현재 남은 체력은 [54/79] 입니다.
The thrashing horror tramples you but does no damage.
The thrashing horror completely misses you.
The thrashing horror tramples you but does no damage. x4
The thrashing horror barely misses you.
The thrashing horror tramples you but does no damage.
The thrashing horror tramples you.
You hold your ground!
The thrashing horror misses you. 1의 피해를 받았습니다. 현재 남은 체력은 [54/79] 입니다.
The thrashing horror tramples you but does no damage.
The thrashing horror closely misses you. x2
The thrashing horror tramples you but does no damage.
The profane servitor hits you with a +3 whip!
The profane servitor draws strength from your injuries!
The profane servitor barely misses you.
The thrashing horror tramples you but does no damage. x2
The thrashing horror misses you. The thrashing horror barely misses you.
The profane servitor hits you with a +3 whip!!
The profane servitor draws strength from your injuries!
The profane servitor hits you but does no damage. 30의 피해를 받았습니다. 현재 남은 체력은 [24/79] 입니다. 조오오온나 쌔다!!!!!!!!!!!!!!!!!!!!!!!!!!!!!!!!!!!!!!
The thrashing horror tramples you but does no damage.
The thrashing horror barely misses you. The thrashing horror tramples you!
* * * LOW HITPOINT WARNING * * *
You hold your ground!
The thrashing horror barely misses you.
The profane servitor hits you with a +3 whip.
* * * LOW HITPOINT WARNING * * *
The profane servitor draws strength from your injuries!
The profane servitor hits you but does no damage. 12의 피해를 받았습니다. 현재 남은 체력은 [12/79] 입니다. 마력이 전부 회복되었습니다. (21)
The thrashing horror closely misses you.
The thrashing horror barely misses you.
The thrashing horror closely misses you.
The thrashing horror tramples you but does no damage.
The profane servitor hits you with a +3 whip!
You die...

.##. #.
.#.# ###
...#
#... ...
...# ..
##.. ..#
.#... .
#.##...#
#XA##
#@X.## #
####.#.#
#. .##
#.#.. ..
.# ####
. .## #
..# ...#
##.####
# .. #.
##. ..


You could see a profane servitor and 2 thrashing horrors.

Vanquished Creatures
  A two-headed ogre (D:8)
  An ugly thing (D:9)
  Maggie (D:8)
  Jeremiah (D:8)
  Prince Ribbit (D:9)
  Grum (D:8)
  Edmund (D:5)
  2 steam dragons
  Menkaure (D:5)
  A water moccasin (D:8)
  2 orc warriors
  An ice beast (D:6)
  A black bear (D:4)
  2 wolves (D:8)
  2 centaurs
  A phantom (D:5)
  A bullfrog (D:7)
  A scorpion (D:7)
  6 wights (D:8)
  6 jellies
  A hound (D:4)
  Crazy Yiuf (D:5)
  A gnoll bouda (D:6)
  5 orc priests
  A sleepcap (D:5)
  Jessica (D:3)
  5 orc wizards
  An iguana (D:5)
  7 gnolls
  7 adders
  2 shadow imps
  2 white imps
  4 ufetubi (D:7)
  A ribbon worm (D:2)
  2 dart slugs
  42 orcs
  8 ball pythons
  5 bats
  9 endoplasms
  A giant cockroach (D:4)
  4 goblins
  5 hobgoblins
  7 jackals
  5 quokkas
  A frilled lizard (D:2)
  11 kobolds
  2 rats
175 creatures vanquished.

Vanquished Creatures (others)
  10 starspawn tentacles (Abyss:2)
10 creatures vanquished.

Grand Total: 185 creatures vanquished

Notes
Turn   | Place    | Note
-------+----------+-------------------------------------------
     0 | D:1      | s1036 the Gnoll Reaver began the quest for the Orb.
     0 | D:1      | Reached XP level 1. HP: 20/20 MP: 6/6
   216 | D:1      | Reached XP level 2. HP: 18/24 MP: 7/7
   662 | D:2      | Reached skill level 5 in Spellcasting
   662 | D:2      | Reached XP level 3. HP: 26/31 MP: 7/9
   770 | D:2      | Reached skill level 1 in Invocations
   923 | D:2      | Reached skill level 1 in Short Blades
   923 | D:2      | Reached skill level 1 in Long Blades
   923 | D:2      | Reached skill level 1 in Maces & Flails
   923 | D:2      | Reached skill level 1 in Polearms
   923 | D:2      | Reached skill level 1 in Staves
   923 | D:2      | Reached skill level 1 in Ranged Weapons
   923 | D:2      | Reached skill level 1 in Throwing
   923 | D:2      | Reached skill level 1 in Armour
   923 | D:2      | Reached skill level 1 in Stealth
   923 | D:2      | Reached skill level 1 in Shields
   923 | D:2      | Reached skill level 1 in Unarmed Combat
   923 | D:2      | Reached skill level 1 in Evocations
  1031 | D:2      | Found a faded altar of an unknown god.
  1234 | D:2      | Reached skill level 1 in Shapeshifting
  1234 | D:2      | Reached XP level 4. HP: 10/34 MP: 9/11
  1333 | D:3      | Noticed Jessica
  1342 | D:3      | Killed Jessica
  1343 | D:3      | Reached skill level 1 in Hexes
  1343 | D:3      | Reached skill level 1 in Summonings
  1343 | D:3      | Reached skill level 1 in Necromancy
  1343 | D:3      | Reached skill level 1 in Translocations
  1343 | D:3      | Reached skill level 1 in Fire Magic
  1343 | D:3      | Reached skill level 1 in Ice Magic
  1343 | D:3      | Reached skill level 1 in Air Magic
  1343 | D:3      | Reached skill level 1 in Earth Magic
  1343 | D:3      | Reached skill level 1 in Alchemy
  1567 | D:3      | Reached XP level 5. HP: 9/33 MP: 9/12
  1688 | D:3      | Identified the +2 robe "Suamp" {rF++ Str+3}
  2337 | D:4      | Noticed a black bear
  2351 | D:4      | Killed a black bear
  2352 | D:4      | Reached XP level 6. HP: 26/50 MP: 14/14
  2388 | D:4      | Reached skill level 5 in Fighting
  2388 | D:4      | Reached skill level 5 in Dodging
  2876 | D:4      | Noticed an orc warrior
  2885 | D:4      | Killed an orc warrior
  2886 | D:4      | Reached skill level 7 in Axes
  2886 | D:4      | Reached XP level 7. HP: 23/33 MP: 10/15
  3066 | D:4      | Found a shadowy altar of Dithmenos.
  3406 | D:5      | Entered Level 5 of the Dungeon
  3485 | D:5      | Noticed Edmund
  3506 | D:5      | Killed Edmund
  4033 | D:5      | Reached XP level 8. HP: 51/61 MP: 16/16
  4155 | D:5      | Found a runed translucent door.
  4156 | D:5      | Noticed Crazy Yiuf
  4275 | D:5      | Noticed Menkaure
  4288 | D:5      | Killed Menkaure
  4427 | D:5      | Killed Crazy Yiuf
  4954 | D:6      | Found Ivygg's Magic Scroll Boutique.
  4960 | D:6      | Bought a scroll of identify for 24 gold pieces
  4960 | D:6      | Bought a scroll of identify for 24 gold pieces
  4960 | D:6      | Bought a scroll of identify for 24 gold pieces
  4960 | D:6      | Bought a scroll of identify for 24 gold pieces
  4960 | D:6      | Bought a scroll of teleportation for 36 gold pieces
  5526 | D:7      | Found a staircase to the Ecumenical Temple.
  5535 | Temple   | Entered the Ecumenical Temple
  5587 | Temple   | Became a worshipper of Warmaster Okawaru
  5652 | D:7      | Reached XP level 9. HP: 62/69 MP: 18/18
  5909 | D:7      | Found a shimmering blue altar of Sif Muna.
  6001 | D:7      | Found Geintede's Jewellery Boutique.
  6025 | D:7      | Found a stormy altar of Qazlal.
  6194 | D:7      | Found an opulent altar of Gozag.
  6401 | D:8      | Found an ancient bone altar of Kikubaaqudgha.
  6432 | D:8      | Noticed Maggie
  6577 | D:8      | Reached * piety under Okawaru
  6700 | D:8      | Found a broken altar of Ashenzari.
  6740 | D:8      | Identified the +1 flail of Tender Mercy {drain, Will+ rCorr
                  | Str-4 Int+5}
  6769 | D:8      | Noticed a two-headed ogre
  6789 | D:8      | Killed a two-headed ogre
  6790 | D:8      | Reached skill level 8 in Axes
  6790 | D:8      | Reached skill level 5 in Invocations
  6795 | D:8      | Killed Maggie
  6795 | D:8      | Reached ** piety under Okawaru
  7033 | D:8      | Found a sacrificial altar of Ru.
  7069 | D:8      | Noticed Jeremiah
  7069 | D:8      | Noticed Grum
  7319 | D:8      | Reached skill level 5 in Short Blades
  7319 | D:8      | Reached skill level 5 in Long Blades
  7319 | D:8      | Reached skill level 5 in Maces & Flails
  7319 | D:8      | Reached skill level 5 in Polearms
  7319 | D:8      | Reached skill level 5 in Staves
  7319 | D:8      | Reached skill level 5 in Ranged Weapons
  7319 | D:8      | Reached skill level 5 in Throwing
  7319 | D:8      | Reached skill level 5 in Armour
  7319 | D:8      | Reached skill level 5 in Stealth
  7319 | D:8      | Reached skill level 5 in Shields
  7319 | D:8      | Reached skill level 5 in Unarmed Combat
  7319 | D:8      | Reached skill level 5 in Evocations
  7319 | D:8      | Reached XP level 10. HP: 46/77 MP: 20/20
  7390 | D:8      | Killed Grum
  7536 | D:8      | HP: 2/78 [Jeremiah/divine providence (14)]
  7541 | D:8      | Killed Jeremiah
  8143 | D:9      | Noticed Prince Ribbit
  8167 | D:9      | Killed Prince Ribbit
  8168 | D:9      | Noticed a purple ugly thing
  8185 | D:9      | Killed a purple ugly thing
  8185 | D:9      | Reached *** piety under Okawaru
  8186 | D:9      | Reached skill level 5 in Shapeshifting
  8218 | D:9      | Noticed Erolcha
  8231 | Abyss:2  | Cast into level 2 of the Abyss (Erolcha)
  8267 | Abyss:2  | Noticed a rakshasa
  8282 | Abyss:2  | Noticed a flayed ghost
  8320 | Abyss:2  | Noticed a smoke demon
  8347 | Abyss:2  | Noticed a tentacled starspawn
  8350 | Abyss:2  | Noticed a tentacled starspawn
  8360 | Abyss:2  | Noticed a tentacled starspawn
  8364 | Abyss:2  | Noticed a large abomination
  8419 | Abyss:2  | Noticed a thrashing horror
  8421 | Abyss:2  | Noticed a thrashing horror
  8434 | Abyss:2  | Noticed a profane servitor
  8442 | Abyss:2  | Slain by a profane servitor

Illustrated notes

Levels and vault maps discovered:
D:1:      orjb1_clovarrival, layout_basic
D:2:      layout_rooms, shapermc_ecumenical_altar_gd, amethyst_killhole,
          minmay_small_reverse_x
D:3:      layout_rooms, nicolae_houndstooth_variations, uniq_jessica
D:4:      layout_basic, overflow_temple_1_default, guppyfry_early_orc_mine
D:5:      layout_loops_ring, minmay_crystal_room, kennysheep_pointless_box,
          uniq_edmund, uniq_crazy_yiuf_cottage, uniq_menkaure
D:6:      layout_basic, serial_shops, shop
D:7:      layout_basic, led_sif_book, grunt_gozag_breadcrumbs,
          nicolae_qazlal_style_of_elements, minmay_temple_entry_grid,
          serial_aquarium, aquarium_bridge_straight [aquarium_subvault_bridge,
          aquarium_subvault_window, aquarium_subvault_bridge,
          aquarium_subvault_wall], aquarium_window_fake, aquarium_window_3,
          aquarium_window_corner, aquarium_window_1, aquarium_view_4,
          serial_shops, nicolae_shop_waterfront
D:8:      layout_basic, evilmike_ruin_ashenzari, general_overflow_altar,
          kennysheep_mini_moat, serial_bayou_lagoon_a, uniq_jeremiah,
          uniq_maggie, uniq_grum
D:9:      layout_cave_pools, lair_entry_dummy, kennysheep_generic_room_13,
          uniq_prince_ribbit1, uniq_erica, uniq_harold, uniq_erolcha
Temple:   nicolae_temple_slightly_damp_pantheon
Abyss:2:  base: D:2, hangedman_abyss_monster_moat, hangedman_illusive_loot

Skill      XL: |  1  2  3  4  5  6  7  8  9 10 |
---------------+-------------------------------+-----
Spellcasting   | 5 6 7 |  7.5
Invocations    | 1 2 3 4 5 6 |  6.0
Short Blades   | 1 2 3 5 |  5.4
Long Blades    | 1 2 3 5 |  5.4
Maces & Flails | 1 2 3 5 |  5.4
Polearms       | 1 2 3 5 |  5.4
Staves         | 1 2 3 5 |  5.4
Ranged Weapons | 1 2 3 5 |  5.4
Throwing       | 1 2 3 5 |  5.4
Armour         | 1 2 3 5 |  5.4
Stealth        | 1 2 3 5 |  5.4
Shields        | 1 2 3 5 |  5.4
Unarmed Combat | 1 2 3 5 |  5.4
Evocations     | 1 2 3 5 |  5.4
Shapeshifting  | 1 2 3 4 5 |  5.0
Hexes          | 1 2 3 4 |  4.5
Summonings     | 1 2 3 4 |  4.5
Necromancy     | 1 2 3 4 |  4.5
Translocations | 1 2 3 4 |  4.5
Fire Magic     | 1 2 3 4 |  4.5
Ice Magic      | 1 2 3 4 |  4.5
Air Magic      | 1 2 3 4 |  4.5
Earth Magic    | 1 2 3 4 |  4.5
Alchemy        | 1 2 3 4 |  4.5
Fighting       | 5 6 7 |  7.2
Dodging        | 5 6 7 |  7.2
Axes           | 7 8 |  8.6
Conjurations   | 6 7 |  7.2

Action                     |  1- 3 |  4- 6 |  7- 9 | 10-12 || total
---------------------------+-------+-------+-------+-------++-------
  Melee: Hand axe          |   119 |   243 |    39 |       ||   401
         Unarmed           |     1 |       |     2 |       ||     3
         Bite              |     8 |    30 |    46 |    18 ||   102
         Flail             |       |       |   275 |    83 ||   358
         War axe           |       |       |    43 |       ||    43
   Cast: Kiss of Death     |     2 |     6 |     4 |       ||    12
 Invoke: Heroism           |       |       |     1 |     5 ||     6
  Evoke: Wand              |       |       |    16 |    32 ||    48
    Use: Scroll            |       |     4 |    11 |     5 ||    20
         Potion            |       |     2 |     5 |     4 ||    11
   Stab: Sleeping          |       |     2 |     1 |     1 ||     4
 Armour: Leather armour    |    79 |   149 |    28 |       ||   256
         Ring mail         |       |       |   338 |   116 ||   454
         Skin              |       |       |     5 |       ||     5
  Dodge: Dodged            |    85 |   162 |   332 |    75 ||   654

Table legend: (Time is in decaauts)
 A = Elapsed time spent in this place.
 B = Non-inter-level travel time spent in this place.
 C = Inter-level travel time spent in this place.
 D = Time resting spent in this place.
 E = Time spent auto-exploring this place.
 F = Levels seen in this place.
 G = Mean time per level.
                   A        B        C        D        E       F      G
               +--------+--------+--------+--------+--------+-----+--------+
         Total |   8512 |   8267 |    245 |   1882 |   4308 |  11 |  773.8 |
       Dungeon |   8231 |   8006 |    225 |   1882 |   4205 |   9 |  914.6 |
        Temple |     71 |     52 |     19 |      0 |      0 |   1 |   71.0 |
         Abyss |    209 |    209 |      0 |      0 |    103 |   1 |  209.0 |
               +--------+--------+--------+--------+--------+-----+--------+

Top non-repeatable levels by time:
     D:8: 1665 daAuts
     D:5: 1202 daAuts
     D:4: 1070 daAuts
     D:7: 1025 daAuts
     D:3: 1020 daAuts
     D:6: 830 daAuts
     D:2: 674 daAuts
     D:1: 641 daAuts
 Abyss:2: 209 daAuts
     D:9: 99 daAuts
  Temple: 71 daAuts
